 Dungeon Crawl Stone Soup version 0.29-a0-997-gf6f7e2dfe7 (webtiles) character file.

Game seed: 4188029736584324541

58 spaghetti the Poker (level 4, 34/34 HPs)
             Began as a Gnoll Wanderer on Aug 2, 2022.
             Quit the game on level 3 of the Dungeon on Aug 5, 2022.
             The game lasted 00:05:18 (1821 turns).

spaghetti the Poker (Gnoll Wanderer)                Turns: 1821, Time: 00:05:18

Health: 34/34      AC:  6    Str: 14    XL:     4   Next: 2%
Magic:  11/11      EV: 12    Int: 12    God:
Gold:   147        SH:  0    Dex: 10    Spells: 12/13 levels left

rFire   . . .      SeeInvis .   a - +2 spear {polearm}
rCold   . . .      Faith    .   (no shield)
rNeg    . . .      Spirit   .   e - +0 leather armour
rPois   .          Reflect  .   l - +2 helmet
rElec   .          Harm     .   (no cloak)
rCorr   .          Rampage  .   (no gloves)
Will    .....                   (no boots)
Stlth   ++........              (no amulet)
HPRegen 0.11/turn               (no ring)
MPRegen 0.12/turn               (no ring)

@: no status effects
A: fangs 1, strong nose, distributed training
a: no special abilities


You were on level 3 of the Dungeon.
You visited 1 branch of the dungeon, and saw 3 of its levels.

You collected 147 gold pieces.


Innate Abilities, Weirdness & Mutations

You have very sharp teeth.
Your uncanny sense of smell can sniff out nearby items.
Your experience applies equally to all skills.


   Skills:
 + Level 2.7 Fighting
 + Level 1.0 Short Blades
 + Level 1.0 Long Blades
 + Level 1.0 Axes
 + Level 1.0 Maces & Flails
 + Level 6.6 Polearms
 + Level 1.0 Staves
 + Level 1.0 Ranged Weapons
 + Level 4.6 Throwing
 + Level 1.0 Armour
 + Level 2.7 Dodging
 + Level 2.5 Stealth
 + Level 1.0 Shields
 + Level 1.0 Unarmed Combat
 + Level 5.0 Spellcasting
 + Level 0.8 Conjurations
 + Level 0.8 Hexes
 + Level 0.8 Summonings
 + Level 0.8 Necromancy
 + Level 0.8 Translocations
 + Level 0.8 Transmutations
 + Level 0.8 Fire Magic
 + Level 0.8 Ice Magic
 + Level 0.8 Air Magic
 + Level 0.8 Earth Magic
 + Level 0.8 Poison Magic
 + Level 1.1 Invocations
 + Level 1.0 Evocations


You had 12 spell levels left.
You knew the following spells:

 Your Spells              Type           Power      Damage    Failure   Level
a - Summon Small Mammal   Summ           20%        N/A       17%         1

Your spell library contained the following spells:

 Spells                   Type           Power      Damage    Failure   Level
 Beastly Appendage        Tmut           10%        N/A       17%         1
 Wereblood                Tmut           5%         N/A       26%         2
 Call Canine Familiar     Summ           5%         N/A       45%         3
 Spider Form              Tmut/Pois      5%         N/A       45%         3
 Alistair's Intoxication  Tmut/Pois      3%         N/A       99%         5
 Borgnjor's Vile Clutch   Necr/Erth      2%         N/A       99%         5
 Eringya's Noxious Bog    Tmut/Pois      2%         N/A       100%        6

Inventory:

Hand Weapons
 a - a +2 spear (weapon) {polearm}
 c - a +0 dagger {short}
Missiles
 b - 6 boomerangs (quivered) {throwing}
 g - 10 stones {throwing}
 h - 3 javelins {throwing}
 n - 5 poisoned darts {throwing}
Armour
 e - a +0 leather armour (worn)
 l - a +2 helmet (worn)
   (You found it on level 2 of the Dungeon)
Jewellery
 p - a ring of wizardry
   (You found it on level 2 of the Dungeon)
Scrolls
 d - a scroll of fear
 f - a scroll of vulnerability {unknown}
 i - a scroll of teleportation {unknown}
 j - a scroll of enchant armour {unknown}
 m - a scroll of enchant weapon {unknown}
 r - a scroll of noise {unknown}
 s - a scroll of immolation {unknown}
 t - a scroll of identify {unknown}
Potions
 k - a potion of curing {unknown}
 o - a potion of resistance {unknown}
 q - a potion of might {unknown}

Dungeon Overview and Level Annotations

Branches:
Dungeon (3/15) Zot: 16189

Altars:

.#####.............
..........†.......)
#.......<†...... .
##..............
..# #..............
... #..............
.. #..............
#o##.............
#..@#.....#.....#
###............## ∆
...#####... #####
#.. #.


You could see an orc (asleep).


Message History

The jackal misses you.
You hit the jackal. You bite the jackal.
The jackal bites you but does no damage.
The jackal closely misses you.
You hit the jackal.
You kill the jackal!
The jackal bites you.
The jackal completely misses you. 😕 HP[-1]
You take 1 damage, and now have 27/28 hp.
You hit the jackal but do no damage. The jackal barely misses you.
The jackal bites you but does no damage.
You hit the jackal. The jackal barely misses you.
The jackal closely misses you.
You barely miss the jackal. Your bite misses the jackal.
The jackal bites you but does no damage.
The jackal misses you.
You closely miss the jackal. The jackal misses you.
The jackal bites you but does no damage.
The ball python completely misses you. The ball python closely misses you.
You hit the jackal. The jackal closely misses you. The jackal bites you.
The ball python misses you. x2 😕 HP[-1]
You take 1 damage, and now have 26/28 hp.
You closely miss the jackal. Your bite misses the jackal. The jackal bites you.
The jackal bites you but does no damage.
The ball python barely misses you.
The ball python closely misses you. 😕 HP[-2]
You take 2 damage, and now have 24/28 hp.
You barely miss the jackal.
The jackal bites you but does no damage.
The jackal closely misses you.
The ball python bites you but does no damage.
The ball python grabs you. The ball python constricts you.
The jackal bites you but does no damage. 😕 HP[-1]
You take 1 damage, and now have 23/28 hp.
You hit the jackal. The jackal bites you.
The jackal bites you but does no damage.
The ball python bites you. The ball python constricts you.
The jackal bites you but does no damage. 😮 HP[-3]
You take 3 damage, and now have 20/28 hp.
You hit the jackal but do no damage. The jackal closely misses you.
The ball python bites you but does no damage.
The ball python constricts you.
The jackal bites you but does no damage.
You hit the jackal.
You kill the jackal!
The jackal closely misses you. The ball python bites you.
The ball python constricts you.
You barely miss the ball python.
The jackal bites you but does no damage.
The ball python barely misses you.
The ball python constricts you. 😮 HP[-1]
You take 1 damage, and now have 19/28 hp.
You barely miss the ball python. The jackal closely misses you.
The ball python bites you but does no damage.
The ball python constricts you.
You hit the ball python. The jackal barely misses you.
The ball python barely misses you. The ball python constricts you.
You hit the ball python.
You kill the ball python!
The jackal barely misses you.
The jackal bites you but does no damage.
You have reached level 4!
You feel stronger. 😮 HP[+4] MP[+2]
You now have 34 max hp (+6).
You regained 4 hp, and now have 23/34 hp.
Your mp is fully restored (11).
You barely miss the jackal.
The jackal pauses to sniff the ground.
The jackal bites you but does no damage.
You closely miss the jackal.
The jackal pauses to sniff the ground.
The jackal bites you but does no damage.
You barely miss the jackal. The jackal completely misses you.
You barely miss the jackal. Your bite misses the jackal.
The jackal closely misses you.
You hit the jackal.
You kill the jackal!
You see here a jackal corpse. 😮 HP[+1] Unknown command. 🤖 Initializing magus.rc ...
Options error: Delay interrupt name "hungry" not recognised. (~/.crawlrc:4761) Options error: Bad monster_list_colour key: strict_neutral (~/.crawlrc:4776) Bad channel name for runrest: 'pray:' ✅ Successfully initialized magus.rc [v1.9.6] Welcome back, spaghetti the Gnoll Wanderer.
Press ? for a list of commands and other information.
You now have 147 gold pieces (gained 9).
g - 10 stones {throwing} (gained 4)
An orc comes into view. It is wielding a +0 club. 😎 HP[+10]
Your hp is fully restored (34).
An orc is nearby!
An orc is nearby!
Are you sure you want to abandon this character and quit the game? (Confirm with "yes".)

Skill      XL: |  1  2  3 |
---------------+----------+-----
Spellcasting   | 5 |  5.0
Invocations    | 1 |  1.1
Short Blades   | 1 |  1.0
Long Blades    | 1 |  1.0
Axes           | 1 |  1.0
Maces & Flails | 1 |  1.0
Staves         | 1 |  1.0
Ranged Weapons | 1 |  1.0
Armour         | 1 |  1.0
Shields        | 1 |  1.0
Unarmed Combat | 1 |  1.0
Evocations     | 1 |  1.0
Fighting       | |  2.7
Polearms       | |  6.6
Throwing       | |  4.6
Dodging        | |  2.7
Stealth        | |  2.5
Conjurations   | |  0.8
Hexes          | |  0.8
Summonings     | |  0.8
Necromancy     | |  0.8
Translocations | |  0.8
Transmutations | |  0.8
Fire Magic     | |  0.8
Ice Magic      | |  0.8
Air Magic      | |  0.8
Earth Magic    | |  0.8
Poison Magic   | |  0.8

Action                   |  1- 3 |  4- 6 || total
-------------------------+-------+-------++-------
Melee: Spear             |    52 |     5 ||    57
       Bite              |     2 |       ||     2
Throw: Boomerang         |    38 |       ||    38
 Stab: Sleeping          |     3 |       ||     3
Armor: Leather armour    |    19 |     2 ||    21
Dodge: Dodged            |    38 |     2 ||    40

Levels and vault maps discovered:
D:1:      dpeg_arrival_three_smaller_balls, layout_basic,
          shapermc_ecumenical_altar_ellora
D:2:      cheibrodos_old_hovel, layout_basic, chequers_mini_garden
D:3:      layout_rooms

Notes
Turn   | Place    | Note
-------+----------+-------------------------------------------
     0 | D:1      | spaghetti the Gnoll Wanderer began the quest for the Orb.
     0 | D:1      | spaghetti set off with the following items: a +2 spear
                  | {polearm}, 7 boomerangs {throwing}, a +0 dagger {short}, a
                  | scroll of fear, a +0 leather armour; and the following
                  | spell memorised: Summon Small Mammal; and the following
                  | spells available to memorise: Call Canine Familiar.
     0 | D:1      | Reached XP level 1. HP: 17/17 MP: 6/6
     0 | D:1      | magus.rc [v1.9.6]
   234 | D:1      | Found a faded altar of an unknown god.
   343 | D:1      | Reached XP level 2. HP: 23/23 MP: 7/7
   480 | D:1      | You pick up a book of Changes and begin reading...
   480 | D:1      | You add the spells Beastly Appendage, Wereblood and Spider
                  | Form to your library.
  1116 | D:2      | Reached skill level 5 in Spellcasting
  1116 | D:2      | Reached XP level 3. HP: 28/28 MP: 7/9
  1169 | D:2      | You add the spells Alistair's Intoxication, Borgnjor's Vile
                  | Clutch and Eringya's Noxious Bog to your library.
  1266 | D:2      | Reached skill level 1 in Invocations
  1325 | D:2      | Reached skill level 1 in Short Blades
  1325 | D:2      | Reached skill level 1 in Long Blades
  1325 | D:2      | Reached skill level 1 in Axes
  1325 | D:2      | Reached skill level 1 in Maces & Flails
  1325 | D:2      | Reached skill level 1 in Staves
  1325 | D:2      | Reached skill level 1 in Ranged Weapons
  1325 | D:2      | Reached skill level 1 in Armour
  1325 | D:2      | Reached skill level 1 in Shields
  1325 | D:2      | Reached skill level 1 in Unarmed Combat
  1325 | D:2      | Reached skill level 1 in Evocations
  1713 | D:3      | Reached XP level 4. HP: 23/34 MP: 11/11
  1719 | D:3      | Upgraded the game from 0.29-a0-993-g4a18f31a58 to
                  | 0.29-a0-997-gf6f7e2dfe7
  1719 | D:3      | magus.rc [v1.9.6]
  1821 | D:3      | Quit the game

Vanquished Creatures
  2 adders (D:2)
  A dart slug (D:1)
  2 bats (D:1)
  7 endoplasms
  2 goblins
  4 hobgoblins
  3 jackals (D:3)
  A quokka (D:2)
  5 ball pythons
  2 frilled lizards (D:2)
  7 kobolds (D:1)
  A rat (D:1)
37 creatures vanquished.

Vanquished Creatures (others)
  A plant (D:2)
1 creature vanquished.

Grand Total: 38 creatures vanquished

Table legend:
 A = Non-vault XP
 B = Vault XP
 C = Vault XP percentage of total XP
 D = Non-vault monster count
 E = Vault monster count
 F = Vault count percentage of total count
                 A         B        C        D         E       F
            +---------+---------+-------+---------+---------+-------
      Total |      83 |       1 |   1.2 |      36 |       1 |   2.7
            +---------+---------+-------+---------+---------+-------
        D:1 |      30 |       0 |   0.0 |      18 |       0 |   0.0
        D:2 |      46 |       1 |   2.1 |      14 |       1 |   6.7
        D:3 |       7 |       0 |   0.0 |       4 |       0 |   0.0
            +---------+---------+-------+---------+---------+-------

Illustrated notes

Table legend:
 A = Kills in this place as a percentage of kills in entire the game.
 B = Kills by you in this place as a percentage of kills by you in the entire game.
 C = Kills by friends in this place as a percentage of kills by friends in the entire game.
 D = Other kills in this place as a percentage of other kills in the entire game.
 E = Experience gained in this place as a percentage of experience gained in the entire game.
 F = Experience gained in this place divided by the number of levels of this place that you have seen.
                   A       B       C       D       E      F
               +-------+-------+-------+-------+-------+----------------------
         Total | 100.0 | 100.0 |   N/A |   N/A | 100.0 |  28.0
       Dungeon | 100.0 | 100.0 |   N/A |   N/A | 100.0 |  28.0
               +-------+-------+-------+-------+-------+----------------------

Table legend: (Time is in decaauts)
 A = Elapsed time spent in this place.
 B = Non-inter-level travel time spent in this place.
 C = Inter-level travel time spent in this place.
 D = Time resting spent in this place.
 E = Time spent auto-exploring this place.
 F = Levels seen in this place.
 G = Mean time per level.
                   A        B        C        D        E       F      G
               +--------+--------+--------+--------+--------+-----+--------+
         Total |   1811 |   1776 |     35 |      0 |   1608 |   3 |  603.7 |
       Dungeon |   1811 |   1776 |     35 |      0 |   1608 |   3 |  603.7 |
               +--------+--------+--------+--------+--------+-----+--------+

Top non-repeatable levels by time:
     D:1: 995 daAuts
     D:2: 694 daAuts
     D:3: 121 daAuts
